Map: 2000 Atmospheres LE

Players

Cham - Winner!

  • Race: Zerg Zerg

Ryu

  • Race: Zerg Zerg

Event: DreamHack SC2 Masters 2021 Fall

VOD

Have the link to the VOD?

Description

Time

  • Played on: July 28, 2021, 5:33 p.m.
  • Length: 8:28

All games in this series

Show
View Real Time Build Order
Export as new Build Order

Cham Zerg - Winner!

Build Orders: Hatch First 

Get SALT Encoding   

  12  0:00  Drone  
  13  0:08  Drone  
  14  0:17  Overlord  
  15  0:35  Drone x2  
  16  0:47  Hatchery  
  15  0:51  Drone  
  15  0:55  Drone  
  17  0:59  Extractor  
  16  1:11  Spawning Pool  
  15  1:14  Drone  
  16  1:19  Drone  
  16  1:22  Drone  
  18  1:42  Drone  
  19  1:49  Drone  
  20  1:54  Drone  
  20  1:58  Queen  
  20  2:00  Queen  
  25  2:02  Zergling x2  
  25  2:04  Metabolic Boost  
  26  2:10  Overlord  
  26  2:16  Drone  
  26  2:18  Drone  
  28  2:29  Drone x2  
  30  2:40  Zergling x4  
  32  2:44  Hatchery  
  32  2:49  Baneling Nest  
  32  2:51  Zergling x2  
  31  2:53  Zergling x2  
  32  2:58  Overlord  
  32  3:01  Zergling x2  
  32  3:04  Zergling x2  
  34  3:08  Zergling x4  
  36  3:15  Overlord  
  36  3:19  Zergling x4  
  38  3:22  Zergling x2  
  38  3:25  Zergling x2  
  40  3:28  Drone  
  40  3:30  Drone  
  40  3:33  Baneling x3  
  42  3:38  Zergling x4  
  44  3:44  Drone x2  
  44  3:48  Drone x2  
  48  3:55  Drone x3  
  48  4:02  Overlord  
  48  4:03  Drone  
  48  4:04  Drone  
  48  4:08  Drone  
  48  4:09  Drone  
  51  4:15  Drone  
  51  4:16  Drone x3  
  52  4:23  Roach Warren  
  51  4:25  Extractor  
  51  4:28  Overlord  
  51  4:29  Drone  
  51  4:30  Drone  
  52  4:32  Baneling  
  52  4:39  Drone  
  52  4:46  Drone x3  
  52  4:48  Overlord  
  52  4:49  Queen, Drone  
  52  4:52  Drone x3  
  61  4:55  Overlord  
  61  4:59  Overlord  
  60  5:07  Roach x3  
  60  5:13  Roach x4  
  70  5:17  Overlord  
  70  5:20  Lair  
  70  5:22  Roach  
  70  5:24  Drone  
  70  5:25  Drone  
  74  5:31  Drone  
  74  5:33  Drone  
  76  5:37  Overlord  
  76  5:42  Extractor  
  76  5:43  Extractor  
  76  5:46  Drone x9  
  76  5:47  Queen  
  76  5:49  Queen  
  85  5:55  Overlord  
  85  5:57  Overlord  
  87  6:01  Roach  
  89  6:06  Roach x3  
  95  6:12  Evolution Chamber, Roach x2  
  95  6:14  Roach x3  
  95  6:18  Overlord  
  103  6:19  Roach x2  
  103  6:22  Overlord  
  107  6:26  Roach, Overlord  
  109  6:36  Glial Reconstitution  
  109  6:40  Queen  
  109  6:41  Queen x2, Nydus Network  
  109  6:44  Roach  
  116  6:50  Roach x3  
  122  6:54  Overlord  
  122  6:59  Spore Crawler, Roach x2  
  125  7:08  Roach x5  
  135  7:14  Overlord  
  133  7:17  Nydus Canal  
  133  7:19  Roach x4  
  133  7:22  Spore Crawler  
  138  7:24  Spore Crawler  
  138  7:26  Roach x2  
  138  7:28  Roach  
  127  7:40  Nydus Canal  
  127  7:41  Roach  
  125  7:44  Roach x2  
  125  7:45  Roach x2  
  125  7:49  Roach  
  127  7:57  Spore Crawler  
  120  7:58  Spore Crawler  
  120  7:59  Spore Crawler  
  120  8:01  Spore Crawler  
  120  8:04  Spore Crawler  
  120  8:05  Nydus Canal  
  114  8:07  Roach x6  
Show
View Real Time Build Order
Export as new Build Order

Ryu Zerg 

Build Orders: Hatch First 

Get SALT Encoding   

  12  0:00  Drone  
  13  0:12  Overlord  
  13  0:17  Drone  
  14  0:31  Drone x2  
  16  0:48  Hatchery  
  15  0:51  Drone  
  15  0:54  Drone  
  17  0:57  Drone  
  17  1:01  Extractor  
  17  1:13  Spawning Pool  
  17  1:17  Drone  
  17  1:20  Drone  
  18  1:29  Drone  
  19  1:39  Drone  
  20  1:50  Overlord  
  20  2:01  Queen x2  
  20  2:02  Zergling x2  
  20  2:03  Metabolic Boost  
  20  2:07  Drone  
  26  2:12  Drone  
  26  2:13  Drone  
  28  2:23  Zergling x2  
  28  2:24  Drone  
  30  2:39  Hatchery  
  29  2:49  Drone  
  32  2:53  Queen, Baneling Nest  
  32  2:55  Overlord  
  32  2:57  Drone  
  32  3:02  Zergling x2  
  33  3:05  Drone x2  
  33  3:07  Drone  
  36  3:15  Drone  
  36  3:16  Drone x2  
  39  3:20  Drone x2  
  39  3:26  Drone x2  
  43  3:27  Zergling x2  
  43  3:34  Overlord  
  43  3:36  Baneling  
  43  3:37  Baneling x3  
  43  3:43  Extractor x2  
  43  3:45  Zergling x6  
  42  3:55  Zergling x2  
  42  3:56  Zergling x2  
  42  4:00  Drone x4  
  48  4:07  Lair  
  48  4:10  Drone x4  
  48  4:16  Overlord  
  48  4:17  Overlord  
  50  4:39  Zergling x6  
  50  4:45  Drone x2  
  53  4:48  Drone  
  53  4:52  Extractor  
  52  4:56  Evolution Chamber  
  50  5:01  Roach Warren  
  50  5:02  Drone x3  
  51  5:09  Spire  
  49  5:19  Drone x4  
  53  5:24  Zerg Missile Weapons Level 1  
  53  5:25  Overseer  
  53  5:30  Hatchery  
  50  5:39  Hatchery  
  48  5:47  Zergling x8  
  52  5:55  Roach x4  
  60  6:01  Evolution Chamber  
  59  6:12  Evolution Chamber  
  57  6:19  Overlord  
  57  6:20  Mutalisk  
  57  6:21  Mutalisk x4  
  57  6:24  Zerg Flyer Weapons Level 1  
  57  6:25  Overlord x2  
  67  6:37  Mutalisk x2, Hatchery, Overlord  
  67  6:38  Mutalisk  
  71  6:43  Drone x2  
  71  6:44  Evolution Chamber  
  71  6:47  Mutalisk  
  73  6:56  Mutalisk  
  73  7:00  Drone x5  
  80  7:08  Glial Reconstitution  
  80  7:17  Drone x3  
  80  7:18  Roach  
  80  7:19  Roach x3  
  91  7:25  Evolution Chamber  
  91  7:28  Mutalisk  
  90  7:33  Roach x3  
  90  7:36  Roach  
  92  7:39  Roach x2  
  95  7:47  Roach x3  
  101  7:53  Roach x3  
  101  7:58  Overlord x2  
  106  8:02  Overlord  

Tags
 
Add a new tag
Caveats
  • Supply blocks, unpowered buildings, or Contaminate may cause inaccurate times.
  • Supply counts are checked every 10 seconds.